 Dungeon Crawl Stone Soup version 0.17-a0-1663-gb806841 (webtiles) character file.

39 Geomchi the Cudgeler (level 3, -1/21 HPs)
             Began as a Gargoyle Gladiator on Aug 16, 2015.
             Slain by a gnoll
             ... wielding a +0 whip
              (3 damage)
             ... on level 2 of the Dungeon.
             The game lasted 00:01:11 (1157 turns).

Geomchi the Cudgeler (Gargoyle Gladiator)           Turns: 1157, Time: 00:01:11

Health: -1/21      AC:  9    Str: 19    XL:     3   Next: 47%
Magic:  3/3        EV: 17    Int:  8    God:
Gold:   85         SH:  0    Dex: 15    Spells: 0 memorised, 2 levels left

rFire  . . .     SeeInvis .     a - +0 flail
rCold  . . .     Clarity  .     k - +0 ring mail
rNeg   + + .     SustAt   .     (no shield)
rPois  ∞         Gourm    .     c - +0 helmet
rElec  +         Spirit   .     (no cloak)
rCorr  .         Warding  .     (no gloves)
rMut   .         Stasis   .     (no boots)
MR     .....                    (no amulet)
Stlth  ++........               (no ring)
                                j - ring of positive energy

@: agile, not resistant to hostile enchantments, unstealthy
A: negative energy resistance 1, electricity resistance, unbreathing,
petrification resistance, rot immunity, AC +3
a: no special abilities


You were on level 2 of the Dungeon.
You were not hungry.

You visited 1 branch of the dungeon, and saw 2 of its levels.

You collected 85 gold pieces.

Inventory:

Hand weapons
 a - a +0 flail (weapon)
Missiles
 d - 3 throwing nets (quivered)
Armour
 c - a +0 helmet (worn)
 k - a +0 ring mail (worn)
Jewellery
 j - a ring of positive energy (left hand)
Scrolls
 g - 2 scrolls of identify {unknown}
 h - 2 scrolls of recharging {unknown}
 i - a scroll of noise {unknown}
 l - a scroll of amnesia {unknown}
 p - a scroll of fog {unknown}
 q - a scroll of remove curse {unknown}
Potions
 m - a potion of degeneration {unknown}
 n - a potion of agility
 o - a potion of curing {unknown}
Comestibles
 b - 2 beef jerkies
 e - a bread ration {@e1}
 f - a meat ration {@e2}
 r - 2 chunks of flesh {@w0}


   Skills:
 - Level 2.1 Fighting
 + Level 4.4 Maces & Flails
 - Level 2.0 Throwing
 - Level 2.4 Dodging


You had 2 spell levels left.
You didn't know any spells.

Dungeon Overview and Level Annotations

Branches:
Dungeon (2/15)

Altars:


Innate Abilities, Weirdness & Mutations

You are resistant to torment.
Your stone body is resilient (AC +3).
You are immune to poison.
You resist negative energy.
You are resistant to electric shocks.
You can survive without breathing.
You are immune to petrification.
You are immune to rotting.


Message History

You hit the gnoll but do no damage. The gnoll hits you with a spear.
The gnoll hits you with a club.
You take 8 damage, and have 12/21 hp.
MASSIVE DAMAGE!!
You barely miss the gnoll. The gnoll hits you with a spear.
The gnoll barely misses you.
You take 5 damage, and have 7/21 hp.
MASSIVE DAMAGE!!
You sock the gnoll!
You kill the gnoll!
You sock the gnoll! The gnoll hits you with a club.
* * * LOW HITPOINT WARNING * * *
You take 6 damage, and have 1/21 hp.
MASSIVE DAMAGE!!
You are too injured to fight recklessly!
Drink which item? (? for menu, Esc to quit)
It was a potion of agility.
You feel agile all of a sudden. The gnoll hits you but does no damage.
You hit the gnoll. The gnoll barely misses you.
You hit the gnoll. The gnoll closely misses you.
The gnoll hits you with a whip.
You die...

#≈≈...≈≈#
#.##.#
#≈≈...≈≈#
#.##.#
#≈≈...≈≈#
#....#
#≈≈...≈≈#
#..###
#≈.....≈# #..
#.......# #
##.....## .#
###.######..#
#@#....)..#
#.g..##.#.#
#..##..# .#
##. #..# ..
#. #..# ##.
#. #... .# #.
##.## # ##
#.# #.#


You could see a gnoll.

Vanquished Creatures
  A gnoll (D:2)
  A giant gecko (D:1)
  3 hobgoblins (D:1)
  4 jackals (D:2)
  2 ball pythons (D:1)
  3 bats
  A giant cockroach (D:1)
  2 giant newts
  5 goblins (D:1)
  6 kobolds
28 creatures vanquished.

Vanquished Creatures (others)
  A rat (D:1)
1 creature vanquished.

Grand Total: 29 creatures vanquished

Notes
Turn   | Place    | Note
--------------------------------------------------------------
     0 | D:1      | Geomchi the Gargoyle Gladiator began the quest for the Orb.
     0 | D:1      | Reached XP level 1. HP: 12/12 MP: 1/1
   181 | D:1      | Reached XP level 2. HP: 17/17 MP: 2/2
   979 | D:2      | Reached skill level 4 in Maces & Flails
   998 | D:2      | Reached XP level 3. HP: 18/21 MP: 3/3
  1149 | D:2      | HP: 1/21 [gnoll/club (6)]
  1157 | D:2      | Slain by a gnoll

Vault maps used:
D:1:      dpeg_arrival_renting, lemuel_old_faithful
D:2:      minmay_kobold_bridge, grunt_temple_overflow_order_and_chaos_2,
          corexii_corridor_pit, serial_park_tiny_2

Action                   || total
-------------------------++-------
Melee: Flail             ||    75
  Use: Potion            ||     1
  Eat: Chunk             ||     1
